 Dungeon Crawl Stone Soup version 0.26.1-2-gb8aa6d0cf2 (webtiles) character file.

Game seed: 10715025242010641257

156 phalm the Shield-Bearer (level 5, -9/33 HPs)
             Began as a Gargoyle Fighter on Mar 5, 2021.
             Killed by divine providence
             ... invoked by an orc priest
              (11 damage)
             ... on level 4 of the Dungeon.
             The game lasted 00:04:21 (2827 turns).

phalm the Shield-Bearer (Gargoyle Fighter)          Turns: 2827, Time: 00:04:23

Health: -9/33      AC: 11    Str: 27    XL:     5   Next: 38%
Magic:  5/5        EV:  7    Int:  8    God:
Gold:   171        SH:  0    Dex:  9    Spells: 4/4 levels left

rFire    . . .     SeeInvis .   a - +0 flail
rCold    . . .     Faith    .   c - +0 kite shield
rNeg     + . .     Spirit   .   b - +0 scale mail
rPois    ∞         Reflect  +   (no helmet)
rElec    +         Harm     .   (no cloak)
rCorr    .         Rampage  .   (no gloves)
Will     .....                  (no boots)
Stlth    ..........             y - amulet of reflection
HPRegen  0.11/turn              n - ring of attention (curse)
MPRegen  0.09/turn              r - +6 ring of strength

@: confused
A: negative energy resistance 1, electricity resistance, wild magic 1,
unbreathing, petrification resistance, miasma immunity, MP-powered wands, AC +4
a: no special abilities


You were on level 4 of the Dungeon.
You visited 1 branch of the dungeon, and saw 4 of its levels.

You collected 171 gold pieces.

Inventory:

Hand Weapons
 a - a +0 flail (weapon)
Armour
 b - a +0 scale mail (worn)
 c - a +0 kite shield (worn)
 A - a +0 tower shield
Jewellery
 n - a cursed ring of attention (left hand)
 p - an uncursed ring of flight
 r - a +6 ring of strength (right hand)
 y - an amulet of reflection (around neck)
Wands
 z - a wand of polymorph (7)
Scrolls
 e - a scroll of magic mapping {unknown}
 f - 4 scrolls of teleportation {unknown}
 g - a scroll of random uselessness {unknown}
 h - 2 scrolls of blinking {unknown}
 m - a scroll of identify {unknown}
 s - 4 scrolls of amnesia {unknown}
 t - a scroll of fear {unknown}
 u - 2 scrolls of noise {unknown}
 v - 2 scrolls of remove curse {unknown}
Potions
 d - a potion of might
 i - a potion of mutation
 j - a potion of magic
 k - a potion of ambrosia
 l - a potion of resistance {unknown}
 o - 2 potions of lignification {unknown}
 q - 2 potions of degeneration {unknown}
 w - a potion of cancellation {unknown}
 x - 2 potions of curing {unknown}


   Skills:
 + Level 4.0 Fighting
 * Level 3.4 Maces & Flails
 + Level 4.0 Armour
 * Level 4.5 Shields


You had 4 spell levels left.
You didn't know any spells.
Your spell library contained the following spells:

 Spells                   Type           Power        Failure   Level
 Confusing Touch          Hex            0%           100%        3
 Gell's Gravitas          Tloc           0%           100%        3
 Petrify                  Tmut/Erth      0%           100%        4
 Metabolic Englaciation   Hex/Ice        0%           100%        5
 Yara's Violent Unravell  Hex/Tmut       0%           100%        5


Dungeon Overview and Level Annotations

Branches:
Dungeon (4/15)
 Temple: D:4-7

Altars:


Innate Abilities, Weirdness & Mutations

You are resistant to torment.
Your stone body is resilient. (AC +4)
You are immune to poison.
You resist negative energy. (rN+)
You are resistant to electric shocks. (rElec)
You can survive without breathing.
You are immune to petrification.
You are immune to miasma.
Your spells are a little harder to cast, but a little more powerful.
You expend magic power (3 MP) to strengthen your wands.


Message History

You feel less in control of your magic.
You feel your magical essence link to the dungeon's wands.
You block the orc priest's attack.
Unknown command.
It was a potion of magic.
Magic courses through your body.
The orc throws a boomerang.
You reflect the boomerang off an invisible shield around you!
The boomerang hits the orc priest.
The weapon returns to the orc!
You block the orc priest's attack.
It was a potion of ambrosia.
You are confused.
You feel invigorated. The orc priest closely misses you.
Okay, then.
You're too confused to move!
The orc priest calls down the wrath of Beogh upon you.
Beogh smites you!
* * * LOW HITPOINT WARNING * * *
The orc priest mumbles some strange prayers to Beogh against you.
Beogh smites you!
You die...

..........###
##..............###
#.................##
##..................#
##.....$...(..........
#......$......<.......
..............(.......
....o.................
#o.o@..............
#...o..............
#..............>...
##.................
##...............#
###............#
###.........##
###....#### ######


You could see 3 orc priests and an orc.

Vanquished Creatures
  An orc wizard (D:3)
  5 gnolls
  An adder (D:2)
  An ooze (D:1)
  A worm (D:2)
  A leopard gecko (D:2)
  3 orcs (D:3)
  2 giant cockroaches
  13 goblins
  6 hobgoblins
  2 ball pythons
  7 bats
  7 frilled lizards
  8 kobolds
  8 rats
66 creatures vanquished.

Notes
Turn   | Place    | Note
-------+----------+-------------------------------------------
     0 | D:1      | phalm the Gargoyle Fighter began the quest for the Orb.
     0 | D:1      | Reached XP level 1. HP: 14/14 MP: 1/1
   127 | D:1      | Reached XP level 2. HP: 19/19 MP: 2/2
   346 | D:1      | Reached XP level 3. HP: 23/23 MP: 3/3
  1069 | D:2      | Reached XP level 4. HP: 27/29 MP: 4/4
  2170 | D:3      | Reached XP level 5. HP: 33/33 MP: 5/5
  2824 | D:4      | Gained mutation: Your spells are a little harder to cast,
                  | but a little more powerful. [potion of mutation]
  2824 | D:4      | Gained mutation: You expend magic power (3 MP) to
                  | strengthen your wands. [potion of mutation]
  2827 | D:4      | Killed from afar by an orc priest

Illustrated notes

Levels and vault maps discovered:
D:1:      dpeg_arrival_oval, layout_loops_ring, nrook_mini_vaults
D:2:      layout_rooms
D:3:      layout_loops_corners, glass_columns_a
D:4:      layout_cave_pods, serial_shops, nicolae_shop_stone

Skill      XL: |  1  2  3  4  5 |
---------------+----------------+-----
Shields        | 4 |  4.5
Maces & Flails | 3 |  3.4
Fighting       | 4 |  4.0
Armour         | 4 |  4.0

Action                   |  1- 3 |  4- 6 || total
-------------------------+-------+-------++-------
Melee: Flail             |   108 |   112 ||   220
  Use: Potion            |       |     3 ||     3
Armor: Scale mail        |    84 |    51 ||   135
Dodge: Dodged            |    35 |    27 ||    62
Block: Kite shield       |    70 |    77 ||   147
       Reflection        |       |     2 ||     2
